 Dungeon Crawl Stone Soup version 0.19-a0-683-g5f2401d (webtiles) character file.

1827 st0uf the Slinger (level 9, -4/68 HPs)
             Began as a Formicid Hunter on June 17, 2016.
             Was a Believer of Hepliaklqana.
             Slain by an orc warrior
             ... wielding a +0 dire flail
              (14 damage)
             ... on level 6 of the Dungeon.
             The game lasted 00:35:15 (5382 turns).

st0uf the Slinger (Formicid Hunter)                 Turns: 5382, Time: 00:35:16

Health: -4/68      AC:  5    Str: 16    XL:     9   Next: 32%
Magic:  9/9        EV: 14    Int: 12    God:    Hepliaklqana [**....]
Gold:   265        SH:  8    Dex: 22    Spells: 0 memorised, 8 levels left

rFire  + + .     SeeInvis +     B - +10 rapier of Nojaylai {pierce, rN+ Dex+8}
rCold  + . .     Gourm    .     L - +2 robe {rC+ rF+}
rNeg   + . .     Faith    .     E - +2 buckler
rPois  .         Spirit   .     (helmet unavailable)
rElec  .         Dismiss  .     (no cloak)
rCorr  .         Reflect  .     r - +0 pair of gloves
SustAt +         Harm     .     (no boots)
MR     .....                    (no amulet)
Stlth  +.........               x - ring of sustain attributes
                                j - ring of protection from fire

@: not resistant to hostile enchantments, very unstealthy
A: permanent stasis, dig shafts and tunnels, four strong arms, antennae 3
a: Dig, Shaft Self, Recall Ancestor, Ancestor Identity, Renounce Religion


You were on level 6 of the Dungeon.
You worshipped Hepliaklqana.
Hepliaklqana was pleased with you.
You were hungry.

You visited 1 branch of the dungeon, and saw 6 of its levels.
You also visited: Sewer.

You collected 265 gold pieces.

Inventory:

Hand Weapons
 a - a +1 hunting sling
 b - a +0 short sword
 B - the +10 rapier of Nojaylai (weapon) {pierce, rN+ Dex+8}
   (You found it on level 4 of the Dungeon)

   It inflicts extra damage upon your enemies.
   It affects your dexterity (+8).
   It protects you from negative energy.
Missiles
 d - 73 sling bullets
 e - 36 stones (quivered)
Armour
 c - a +0 leather armour
 r - a +0 pair of gloves (worn)
 E - a +2 buckler (worn)
 L - a +2 robe of resistance (worn)
Jewellery
 j - a ring of protection from fire (left hand)
 u - an uncursed ring of magical power
 x - a ring of sustain attributes (right hand)
 D - an uncursed ring of resist corrosion
Wands
 C - a wand of paralysis (8/24)
Scrolls
 g - 9 scrolls of identify
 k - a scroll of random uselessness {unknown}
 m - a scroll of recharging {unknown}
 t - 6 scrolls of teleportation {unknown}
 v - 3 scrolls of remove curse {unknown}
 A - a scroll of magic mapping {unknown}
 F - a scroll of fear {unknown}
 I - a scroll of holy word {unknown}
 J - 3 scrolls of blinking {unknown}
 M - a scroll of enchant weapon {unknown}
Potions
 i - 2 potions of resistance {unknown}
 l - 3 potions of curing {unknown}
 p - a potion of lignification {unknown}
 s - 3 potions of brilliance {unknown}
 w - 2 potions of magic {unknown}
 z - a potion of mutation {unknown}
 G - a potion of degeneration {unknown}
 N - 7 potions of heal wounds {unknown}
 O - 3 potions of might {unknown}
Books
 y - a book of Death

   Spells                             Type                      Level
   a - Corpse Rot                     Necromancy                   2
   b - Sublimation of Blood           Necromancy                   2
   c - Agony                          Necromancy                   5
   d - Dispel Undead                  Necromancy                   5
   e - Excruciating Wounds            Charms/Necromancy            5
   f - Bolt of Draining               Conjuration/Necromancy       5
Comestibles
 f - 6 bread rations
 h - 2 fruits
 n - 3 meat rations
 o - 2 beef jerkies
 q - a slice of pizza
 H - a royal jelly


   Skills:
 * Level 5.0 Fighting
 + Level 0.6 Short Blades
 + Level 11.0 Slings
 + Level 2.1 Armour
 + Level 2.8 Dodging
 + Level 1.9 Stealth
 * Level 4.0 Shields


You had 8 spell levels left.
You didn't know any spells.

Dungeon Overview and Level Annotations

Branches:
Dungeon (6/15)
 Temple: D:4-7

Altars:
Dithmenos
Elyvilon
Hepliaklqana
Uskayaw
Vehumet


Innate Abilities, Weirdness & Mutations

You are under a permanent stasis effect.
You can dig through walls and to a lower floor.
Your four strong arms can wield two-handed weapons with a shield.
You have a pair of large antennae on your head. (SInv)


Message History

Unknown command.
You barely miss the orc warrior.
The orc warrior is lightly wounded.
You block the orc warrior's attack.
Ahhotep hits the orc warrior but does no damage.
You hit the orc warrior.
The orc warrior is moderately wounded.
The orc warrior misses you.
Ahhotep hits the orc warrior but does no damage.
You barely miss the orc warrior.
The orc warrior is moderately wounded.
The orc warrior splashes around in the water.
Ahhotep closely misses the orc warrior.
Your unstable footing causes you to fumble your attack.
The orc warrior splashes around in the water.
Ahhotep hits the orc warrior with a flail.
You puncture the orc warrior!
The orc warrior is almost dead.
The orc warrior hits you with a dire flail!
You die...

#o......o.###
#.##.####....
######.##{#
##[..
##....#)##.#
#{#.
#...#..o##.#
#.#.
#≈≈≈(##.##.#
#.##
##≈≈(###<####
#.# #.≈)o#
#?# #........
#.(@R# ...
#..#...#.
##(((# .#. #
....... #≈≈≈#
. .# ..#...#
#≈≈≈#
###.......
#≈≈≈#
########
#≈≈≈# #...#
##.## #.#


You could see the friendly Ahhotep the knight and an orc warrior.

Vanquished Creatures
  Menkaure (D:4)
  An orc warrior (D:6)
  2 big kobolds (Sewer)
  Dowan (D:5)
  A hound (D:4)
  A centaur zombie (D:3)
  A jelly (D:5)
  3 orc priests
  A centaur skeleton (D:5)
  A worker ant (D:4)
  5 adders
  A gnoll (D:1)
  2 river rats (Sewer)
  2 oozes
  An adder skeleton (D:5)
  4 worms
  A dart slug (D:2)
  8 giant geckos
  13 orcs
  8 ball pythons
  5 bats
  4 giant cockroaches (D:1)
  6 goblins
  9 hobgoblins
  7 jackals
  14 kobolds
  2 quokkas (D:2)
  A giant gecko zombie (D:4)
  15 giant newts
  25 rats
146 creatures vanquished.

Vanquished Creatures (collateral kills)
  Edmund (D:5)
  Duvessa (D:5)
  A phantom (D:5)
  An ogre (D:4)
  A centaur (D:4)
  2 big kobolds (Sewer)
  A scorpion (D:4)
  2 crimson imps
  An orc priest (D:5)
  An iguana (D:4)
  3 worker ants
  A hound zombie (D:4)
  2 adders
  3 river rats (Sewer)
  An ooze (Sewer)
  2 worms
  A giant gecko (D:6)
  6 orcs
  A giant cockroach (D:3)
  A ball python (Sewer)
  6 kobolds (Sewer)
  A quokka skeleton (D:4)
  3 rats (Sewer)
43 creatures vanquished.

Vanquished Creatures (others)
  2 knights (D:6)
2 creatures vanquished.

Grand Total: 191 creatures vanquished

Notes
Turn   | Place    | Note
--------------------------------------------------------------
     0 | D:1      | st0uf the Formicid Hunter began the quest for the Orb.
     0 | D:1      | Reached XP level 1. HP: 16/16 MP: 1/1
   293 | D:1      | Reached XP level 2. HP: 22/22 MP: 2/2
   339 | D:1      | Reached skill level 5 in Slings
   484 | D:1      | Reached XP level 3. HP: 27/27 MP: 3/3
  1102 | D:2      | Reached XP level 4. HP: 33/33 MP: 4/4
  1312 | D:2      | Reached skill level 6 in Slings
  1635 | D:2      | Reached XP level 5. HP: 39/39 MP: 5/5
  1776 | D:2      | Found a white marble altar of Elyvilon.
  1924 | D:3      | Found a hazy altar of Hepliaklqana.
  1943 | D:3      | Became a worshipper of Hepliaklqana
  1995 | D:3      | Reached skill level 7 in Slings
  2062 | D:3      | Reached XP level 6. HP: 46/46 MP: 6/6
  2154 | D:3      | Found a radiant altar of Vehumet.
  2175 | D:3      | Found a hide-covered altar of Uskayaw.
  2552 | D:4      | Noticed Menkaure
  2567 | D:4      | Killed Menkaure
  2567 | D:4      | Reached skill level 8 in Slings
  2569 | D:4      | Reached XP level 7. HP: 42/51 MP: 7/7
  2634 | D:4      | Reached * piety under Hepliaklqana
  2659 | D:4      | Got a polished rapier
  2660 | D:4      | Identified the +10 rapier of Nojaylai {pierce, rN+ Dex+8} (You found it on level 4 of the Dungeon)
  2686 | D:4      | Reached skill level 1 in Armour
  3574 | D:4      | Reached skill level 1 in Shields
  3602 | D:4      | Reached skill level 9 in Slings
  3602 | D:4      | Reached XP level 8. HP: 58/58 MP: 8/8
  3627 | D:5      | Entered Level 5 of the Dungeon
  3839 | D:5      | Reached ** piety under Hepliaklqana
  3840 | D:5      | Remembered your ancestor Ahhotep as a knight
  3930 | D:5      | Found a shadowy altar of Dithmenos.
  3945 | D:5      | Noticed Edmund
  3961 | D:5      | Noticed Dowan
  3961 | D:5      | Killed Edmund
  3964 | D:5      | Noticed Duvessa
  4152 | D:5      | Killed Duvessa
  4321 | D:5      | Killed Dowan
  4321 | D:5      | Reached skill level 10 in Slings
  4669 | D:6      | Reached XP level 9. HP: 58/66 MP: 7/9
  4727 | D:6      | Found a glowing drain.
  4766 | Sewer    | Entered a sewer
  5198 | Sewer    | Reached skill level 11 in Slings
  5377 | D:6      | Reached skill level 5 in Fighting
  5382 | D:6      | Slain by an orc warrior

Vault maps used:
D:1:      dpeg_arrival_water_fire, minmay_newt_pond
D:2:      minmay_kobold_bridge, marbit_many_paths
D:3:      old_standard_altar, grunt_temple_overflow_open, first_bread,
          small_statue_intersection
D:4:      serial_undead, serial_undead_e, serial_undead_b, serial_undead_d,
          serial_undead_c, hangedman_decor_diamond_cutter, uniq_menkaure
D:5:      lemuel_crystal_altar, uniq_duvessa, uniq_edmund
D:6:      led_sif_book, lemuel_coloured_pillars_altar, cheibrodos_worm_habitat,
          portal_sewer_entry_f
Sewer:    sewer_minmay_treatment

Skill      XL: |  1  2  3  4  5  6  7  8  9 |
---------------+----------------------------+-----
Slings         | 5 6 7 8 9 10 11 | 11.0
Dodging        | 2 |  2.8
Armour         | 1 2 |  2.1
Fighting       | 3 4 5 |  5.0
Shields        | 1 3 4 |  4.0
Short Blades   | |  0.6
Stealth        | |  1.9

Action                   |  1- 3 |  4- 6 |  7- 9 || total
-------------------------+-------+-------+-------++-------
Melee: Rapier            |       |       |    47 ||    47
 Fire: Hunting sling     |   115 |   187 |   262 ||   564
Invok: Recall Ancestor   |       |       |     3 ||     3
       Ancestor Life: Kn |       |       |     1 ||     1
 Abil: Dig               |       |     1 |     6 ||     7
  Use: Scroll            |       |       |     1 ||     1
 Stab: Sleeping          |       |       |     2 ||     2
  Eat: Chunk             |       |     4 |     9 ||    13
Armor: Leather armour    |    16 |    12 |     7 ||    35
       Robe              |       |       |    11 ||    11
Dodge: Dodged            |    13 |    26 |    65 ||   104
Block: Buckler           |       |       |    47 ||    47
